Map: Rosanegro LE

Players

IagoAbreu - Winner!

  • Race: Protoss Protoss
  • League: Silver
  • Spawn Location: 1:00

Peluso

  • Race: Zerg Zerg
  • Spawn Location: 7:00

VOD

Have the link to the VOD?

Description

Time

  • Played on: March 9, 2018, 7:07 p.m.
  • Length: 19:12
Show
View Real Time Build Order
Export as new Build Order

IagoAbreu Protoss - Winner!

Build Orders: Double Forge 

Get SALT Encoding   

  12  0:10  Pylon  
  12  0:17  Probe (Chrono Boost)  
  13  0:26  Probe (Chrono Boost)  
  14  0:31  Probe (Chrono Boost)  
  15  0:37  Forge  
  15  0:46  Probe  
  16  0:53  Pylon  
  16  1:13  Forge  
  16  1:19  Assimilator  
  16  1:20  Probe (Chrono Boost)  
  16  1:22  Assimilator  
  17  1:26  Gateway  
  17  1:30  Probe (Chrono Boost)  
  18  1:35  Probe (Chrono Boost)  
  19  1:43  Gateway  
  19  1:54  Photon Cannon  
  19  2:03  Probe  
  20  2:15  Gateway  
  20  2:23  Photon Cannon  
  20  2:26  Cybernetics Core  
  20  2:29  Probe (Chrono Boost)  
  21  2:39  Probe (Chrono Boost)  
  22  2:46  Protoss Ground Weapons Level 1 (Chrono Boost)  
  22  2:58  Probe  
  23  3:10  Gateway  
  23  3:23  Nexus  
  23  3:46  Adept x3  
  29  4:00  Pylon  
  29  4:05  Adept  
  31  4:18  Adept x3  
  37  4:30  Pylon  
  37  4:34  Pylon  
  37  4:42  Probe (Chrono Boost)  
  38  4:45  Protoss Shields Level 1 (Chrono Boost)  
  38  4:52  Probe (Chrono Boost)  
  39  5:00  Adept x2  
  39  5:36  Adept x4  
  39  5:40  Probe (Chrono Boost)  
  43  5:50  Probe (Chrono Boost)  
  43  5:55  Probe (Chrono Boost)  
  42  6:09  Pylon  
  40  6:19  Adept x4  
  48  6:27  Stargate  
  48  6:33  Stargate  
  48  6:42  Photon Cannon  
  48  6:45  Photon Cannon  
  48  7:09  Pylon, Adept x2  
  48  7:10  Adept x2  
  56  7:21  Assimilator  
  56  7:22  Probe (Chrono Boost)  
  57  7:24  Void Ray (Chrono Boost), Assimilator  
  65  7:32  Probe (Chrono Boost)  
  65  7:36  Void Ray (Chrono Boost)  
  66  8:05  Robotics Facility  
  66  8:08  Robotics Facility  
  66  8:15  Void Ray (Chrono Boost)  
  70  8:23  Protoss Air Weapons Level 1 (Chrono Boost)  
  70  8:49  Adept x3  
  70  8:50  Adept  
  78  9:07  Pylon x2  
  78  9:24  Void Ray (Chrono Boost)  
  78  9:26  Cybernetics Core  
  78  9:28  Warp Prism (Chrono Boost)  
  84  9:34  Observer (Chrono Boost)  
  85  9:58  Observer (Chrono Boost)  
  79  10:42  Adept x4  
  87  10:46  Void Ray  
  91  10:56  Pylon  
  91  11:03  Pylon  
  91  11:13  Void Ray  
  66  11:43  Adept x3  
  66  11:44  Adept  
  66  12:34  Stalker x2  
  66  12:35  Stalker x2  
  72  12:47  Fleet Beacon  
  72  13:04  Stalker x3  
  72  13:05  Stalker  
  80  13:14  Observer  
  80  13:19  Observer  
  86  13:29  Phoenix x2  
  86  13:49  Robotics Bay  
  86  13:54  Anion Pulse-Crystals  
  86  13:56  Phoenix (Chrono Boost)  
  86  13:57  Phoenix (Chrono Boost)  
  90  14:09  Adept x4  
  90  15:00  Phoenix x2  
  90  15:04  Protoss Air Weapons Level 2  
  94  15:09  Colossus x2 (Chrono Boost)  
  106  15:24  Probe (Chrono Boost)  
  107  15:31  Observer  
  107  15:35  Probe (Chrono Boost)  
  108  15:39  Probe (Chrono Boost)  
  109  16:24  Pylon x2  
  109  16:25  Nexus  
  109  16:31  Pylon  
  99  17:26  Adept  
  99  17:27  Adept x3  
  107  17:31  Immortal x2  
  107  17:35  Tempest  
Show
View Real Time Build Order
Export as new Build Order

Peluso Zerg 

Build Orders: Pool First 

Get SALT Encoding   

  12  0:12  Drone x2  
  14  0:38  Overlord  
  14  1:02  Drone  
  15  1:06  Drone x2  
  17  1:21  Spawning Pool  
  17  1:24  Extractor  
  15  1:31  Evolution Chamber  
  14  1:33  Drone  
  14  1:34  Drone  
  16  1:55  Drone  
  17  2:07  Drone x2  
  19  2:12  Queen  
  21  2:18  Overlord  
  21  2:33  Spine Crawler  
  20  2:40  Zergling x2, Spine Crawler  
  20  2:41  Zergling x4  
  22  2:59  Drone  
  23  3:07  Overlord  
  23  3:18  Extractor  
  22  3:22  Lair  
  22  3:29  Zerg Missile Weapons Level 1  
  22  3:31  Drone  
  22  3:32  Drone x3  
  26  4:34  Hydralisk Den  
  26  4:37  Drone x3  
  28  5:07  Hydralisk x2  
  28  5:08  Hydralisk x2  
  34  5:23  Zerg Ground Armor Level 1  
  18  5:43  Hydralisk x3  
  17  6:24  Spore Crawler  
  16  6:26  Hydralisk x2  
  16  6:32  Drone  
  21  7:22  Queen  
  23  7:24  Drone  
  23  7:25  Drone  
  23  7:29  Drone  
  26  7:33  Grooved Spines  
  26  7:41  Drone  
  27  7:51  Overlord  
  27  7:56  Overseer  
  27  8:17  Hatchery  
  26  8:29  Drone x3  
  29  8:56  Spire  
  28  9:03  Hydralisk  
  28  9:04  Hydralisk x4  
  38  9:27  Overseer  
  38  9:41  Drone x2  
  40  9:48  Drone x2  
  40  9:49  Drone  
  43  10:04  Drone x2  
  45  10:17  Extractor  
  45  10:20  Extractor  
  43  10:33  Mutalisk x2  
  47  10:47  Corruptor x2  
  51  10:56  Overlord x2  
  31  11:41  Mutalisk x2  
  31  11:42  Mutalisk  
  29  11:50  Mutalisk  
  29  11:51  Mutalisk  
  19  12:38  Drone x3  
  22  12:54  Drone  
  23  12:59  Drone x3  
  23  13:00  Drone  
  27  13:06  Queen  
  29  13:22  Zerg Flyer Weapons Level 1  
  29  13:26  Drone x2  
  31  13:31  Drone x2  
  31  13:32  Drone  
  34  13:44  Drone  
  35  14:03  Drone  
  35  14:07  Drone  
  37  14:11  Mutalisk  
  39  14:22  Drone  
  40  14:28  Drone x2  
  42  14:41  Drone  
  42  15:05  Drone x3  
  45  15:12  Drone x3  
  48  15:19  Drone  
  49  15:35  Drone x2  
  51  15:42  Zerg Ground Armor Level 2  
  51  15:50  Drone x3  
  54  15:57  Drone x2  
  56  16:52  Mutalisk x3  
  56  16:53  Mutalisk x3  
  54  17:20  Hydralisk x2  
  45  17:42  Mutalisk  
  45  17:44  Hydralisk  
Tags
 
Add a new tag
Caveats
  • Supply blocks, unpowered buildings, or Contaminate may cause inaccurate times.
  • Supply counts are checked every 10 seconds.